 Dungeon Crawl Stone Soup version 0.23.2-1-ga50397a (webtiles) character file.

Game seed: 12445482217892101228

309365 tifemel the Executioner (level 20, -11/195 HPs)
             Began as a Minotaur Berserker on Apr 17, 2019.
             Was a High Priest of Trog.
             Mangled by a spriggan berserker
             ... wielding a +1 antimagic quarterstaff
              (20 damage)
             ... on level 3 of the Depths.
             The game lasted 02:53:19 (53991 turns).

tifemel the Executioner (Minotaur Berserker)       Turns: 53991, Time: 02:53:20

Health: -11/195    AC: 32    Str: 31    XL:     20   Next: 37%
Magic:  0/26       EV: 17    Int: 10    God:    Trog [*****.]
Gold:   3530       SH:  0    Dex: 14    Spells: 19/19 levels left

rFire    . . .     SeeInvis +   n - +12 battleaxe of Toshri {chop, +Blink}
rCold    . . .     Gourm    .   (shield currently unavailable)
rNeg     + . .     Faith    .   t - +2 plate armour {rPois}
rPois    +         Spirit   .   z - +2 hat of Cuepoj {rElec SInv}
rElec    +         Reflect  .   Y - +2 cloak of Fanuku {*Corrode rN+ Int+4 SInv}
rCorr    .         Harm     .   s - +2 pair of gloves
MR       ++++.     Rnd*Rage +   b - +1 pair of boots "Posull" {MR+ Dex+3}
Stlth    ..........             W - amulet of the acrobat
HPRegen  1.00/turn              S - +3 ring of strength
MPRegen  0.20/turn              Q - +3 ring of protection

@: flayed, corroded, very slightly contaminated, regenerating
A: retaliatory headbutt, horns 2, berserk 1, screaming 1, inhibited regeneration
}: 2/15 runes: decaying, serpentine
a: Berserk, Trog's Hand, Brothers in Arms, Renounce Religion, Evoke Blink


You were on level 3 of the Depths.
You worshipped Trog.
Trog was extremely pleased with you.
You were not hungry.

You visited 6 branches of the dungeon, and saw 34 of its levels.
You visited the Abyss 2 times.

You collected 3854 gold pieces.
You spent 324 gold pieces at shops.

Inventory:

Hand Weapons
 a - a +1 flail of draining
 n - the +12 battleaxe of Toshri (weapon) {chop, +Blink}
   (Trog gifted it to you on level 3 of the Swamp)

   It inflicts extra damage upon your enemies.
   It lets you blink.
 U - a +6 antimagic battleaxe
Armour
 b - the +1 pair of boots "Posull" (worn) {MR+ Dex+3}
   (You acquired it on level 2 of the Swamp)

   It affects your dexterity (+3).
   It affects your resistance to hostile enchantments.
 s - a +2 pair of gloves (worn)
 t - a +2 plate armour of poison resistance (worn)
 z - the +2 hat of Cuepoj (worn) {rElec SInv}
   (You acquired it on level 6 of the Lair of Beasts)

   It insulates you from electricity.
   It lets you see invisible.
 X - the +4 chain mail of Indomitability {rC++ Dex+4}
   (You found it on level 6 of the Lair of Beasts)

   It affects your dexterity (+4).
   It greatly protects you from cold.
 Y - the +2 cloak of Fanuku (worn) {*Corrode rN+ Int+4 SInv}
   (You found it on level 3 of the Snake Pit)

   It affects your intelligence (+4).
   It protects you from negative energy.
   It lets you see invisible.
   It may corrode you when you take damage.
Jewellery
 o - a +6 amulet of reflection
 D - a +5 amulet of reflection
 Q - a +3 ring of protection (right hand)
 S - a +3 ring of strength (left hand)
 T - an uncursed ring of resist corrosion
 W - an amulet of the acrobat (around neck)
Wands
 x - a wand of flame (107)
 C - a wand of digging (13)
 G - a wand of iceblast (24)
 K - a wand of disintegration (27)
 V - a wand of paralysis (31)
 Z - a wand of scattershot (6)
Scrolls
 d - 19 scrolls of remove curse
 e - 2 scrolls of enchant weapon
 f - 5 scrolls of fog
 h - 6 scrolls of magic mapping
 k - 7 scrolls of identify
 m - 12 scrolls of teleportation
 r - 3 scrolls of blinking
 w - 6 scrolls of enchant armour
 B - 2 scrolls of torment
 F - 3 scrolls of brand weapon
 J - 5 scrolls of immolation
 L - a scroll of fear
 M - 3 scrolls of silence
 P - a scroll of holy word
 R - 4 scrolls of summoning
Potions
 g - 13 potions of curing
 i - 6 potions of haste
 j - 3 potions of invisibility
 p - 3 potions of brilliance
 q - 4 potions of lignification
 u - 2 potions of mutation
 v - 3 potions of flight
 y - a potion of ambrosia
 A - a potion of might
 E - 2 potions of cancellation
 H - 5 potions of heal wounds
 I - 2 potions of agility
Miscellaneous
 l - a fan of gales
Comestibles
 c - 28 rations
 N - 4 chunks of flesh


   Skills:
 + Level 20.7 Fighting
 - Level 23.6 Axes
 - Level 20.0 Armour
 + Level 15.2 Dodging
 + Level 9.6 Evocations


You had 19 spell levels left.
You didn't know any spells.
Your spell library was empty.

Dungeon Overview and Level Annotations

Branches:
Dungeon (15/15)            Temple (0/1) D:4            Lair (6/6) D:8
  Swamp (4/4) Lair:3        Snake (4/4) Lair:3        Slime (0/5) Lair:6
    Orc (2/2) D:9             Elf (0/3) Orc:2        Vaults (0/5) D:14
 Depths (3/5) D:15

Altars:
Dithmenos
Gozag
Okawaru
Qazlal
Xom
Yredelemnul
The Shining One

Shops:
D:6 :   D:9 *   D:11 }   D:14 :   Orc:2 !}?[   Snake:1 ?   Depths:1 *!(*?

Portals:
Hell: Depths:1 Depths:2
Trove: D:12 (show abyssal rune of Zot)

Annotations:
Lair:2 exclusion: 4 oklob plants


Innate Abilities, Weirdness & Mutations

You reflexively headbutt those who attack you in melee.
You have a pair of horns on your head.
You tend to lose your temper in combat.
You occasionally shout uncontrollably at your foes.
You do not regenerate when monsters are visible.


Message History

You feel your power leaking away.
Okay, then.
Okay, then.
Blink to where?
Press: ? - help, Dir - move target cursor You are very lightly contaminated with residual magic.
As you read the scroll of blinking, it crumbles to dust.
You see here a bolt.
You hear a bellow!
You hear a bellow!
You hear a bellow!
You hear a bellow!
The spriggan berserker hits you with a +1 antimagic quarterstaff!!
* * * LOW HITPOINT WARNING * * *
You feel your power leaking away.
There is a stone staircase leading up, spattered with blood here.
You see here 11 bolts.
You feel the effects of Trog's Hand fading.
The spriggan berserker hits you with a +1 antimagic quarterstaff!!
You die...

≈....# ##....## #..
......###......##...
.......#............
......()((†.........
......(..((.........
....##......)......#
≈... ##..((..≈....##
... ##(≈.<.≈...## ...#
##.≈)@.≈...## .≈...#
##.(≈i(.≈....#
#.≈....##....)(.......#
#.≈.........(..(.......
#.≈.......(.(.(........
#.≈.......#(..........
#.≈.....Y###......##..
#.≈≈....## ##....## #.
#..≈≈....###....##


You could see a death yak (berserk) and a spriggan berserker (berserk).

Vanquished Creatures
  Mara (Swamp:3)
  Sojobo (Depths:2)
  A bone dragon (Abyss:3)
  Rupert (Orc:1)
  Jorgrun (Orc:2)
  A lich (Depths:1)
  Frances (Swamp:1)
  The ghost of Ousak the Spry, an adept OpTm of Ru (Snake:2)
  An azure jelly (Swamp:4)
  Kirke (D:14)
  A tengu reaver (Depths:2)
  7 nagarajas (Snake:4)
  3 fire giants
  7 frost giants
  Aizul (Swamp:4)
  Louise (Swamp:4)
  11 very ugly things
  9 stone giants
  A vampire knight (Depths:1)
  A dire elephant (Lair:6)
  2 spark wasps
  The ghost of Gomupahuu the Cleaver, a journeyman VSFi of Okawaru (Snake:3)
  Azrael (Orc:2)
  2 ettins
  Josephine (D:11)
  7 ice dragons
  9 ogre magi
  3 fire dragons
  3 jiangshi (Depths:1)
  4 yaktaur captains
  18 naga warriors
  Harold (D:11)
  A rakshasa (Depths:1)
  A great orb of eyes (Depths:3)
  13 hydras
  9 anacondas
  2 shambling mangroves (Swamp:3)
  2 spriggan air magi
  A ghost crab (Swamp:1)
  4 catoblepae
  5 centaur warriors
  A dancing weapon (Snake:2)
  A thrashing horror (Abyss:3)
  2 hell hogs (Abyss:1)
  13 alligators
  35 two-headed ogres
  7 death yaks
  5 deep troll earth magi
  3 deep troll shamans
  5 tengu warriors
  4 vampire magi
  The ghost of Frank the Carver, a novice OpFi of Makhleb (D:8)
  6 shock serpents
  14 naga sharpshooters
  Urug (Lair:6)
  The ghost of Borgoz the Slicer, a novice KoGl of Ashenzari (D:9)
  An iron troll (Depths:1)
  Sonja (D:11)
  A skeletal warrior (D:15)
  A death drake (Swamp:3)
  A storm dragon skeleton (D:15)
  A wizard (Depths:1)
  A salamander mystic (Snake:3)
  An unseen horror (D:11)
  11 deep trolls
  An unseen horror (shapeshifter) (Depths:1)
  2 spriggan druids
  2 spectral hydras (Swamp:3)
  5 swamp dragons
  10 naga ritualists
  4 glowing orange brains
  2 lindwurms (Lair:6)
  Pikel (D:4)
  An orc knight (Orc:1)
  2 phantasmal warriors (Swamp:3)
  2 wolf spider zombies (D:15)
  A necromancer (D:15)
  4 orc sorcerers
  A shining eye (Abyss:1)
  3 manticores
  2 deep elf magi
  8 mana vipers
  19 elephants
  9 salamanders
  4 cyclopes
  5 centaur zombies
  25 ugly things
  Maurice (D:9)
  A stone giant skeleton (D:15)
  Joseph (Lair:1)
  A guardian serpent (shapeshifter) (Depths:1)
  2 guardian serpents
  3 smoke demons (Abyss:1)
  42 black mambas
  21 spiny frogs
  30 naga magi
  5 rime drakes
  A yaktaur (shapeshifter) (Depths:1)
  2 komodo dragons
  2 kobold demonologists (D:14)
  A guardian mummy (D:15)
  12 yaktaurs
  2 tengu conjurers
  A hellion (Abyss:1)
  An ice devil (Depths:1)
  5 freezing wraiths
  4 swamp worm zombies (Swamp:3)
  A yaktaur skeleton (D:15)
  2 hellwings (Abyss:3)
  2 ancient zymes
  A queen bee (shapeshifter) (Depths:3)
  8 trolls
  5 tyrant leeches
  15 blink frogs
  16 slime creatures
  3 spectral swamp dragons (Swamp:3)
  10 hornets
  9 bog bodies
  3 alligator zombies (Swamp:3)
  8 dream sheep
  8 hippogriffs
  6 shadows
  A water elemental (Depths:2)
  16 spriggans
  4 wyverns
  A hog (D:14)
  6 wraiths
  3 basilisks (Lair:6)
  2 swamp worm simulacra (Swamp:4)
  61 yaks
  2 fire elementals (Orc:2)
  Grum (Lair:1)
  6 small abominations (Abyss:1)
  A steam dragon (Lair:3)
  A warg (Orc:2)
  13 vampire mosquitoes
  2 neqoxecs
  6 large abominations
  15 swamp worms
  4 hell hounds (Orc:2)
  41 nagas
  5 water moccasins
  2 acid dragons (Lair:6)
  A floating eye (shapeshifter) (Depths:1)
  A tengu zombie (D:15)
  5 hydra simulacra (Swamp:4)
  2 soldier ants (D:13)
  7 spiny frog zombies (Swamp:3)
  Duvessa (D:5)
  A slave (D:4)
  17 orc warriors
  12 porcupines
  9 swamp drakes
  3 black bears
  A sky beast (D:10)
  2 phantoms
  5 ice beasts
  An eye of draining (D:15)
  3 boggarts (Depths:2)
  48 ogres
  16 centaurs
  15 crocodiles
  5 wolves
  5 big kobolds
  13 bullfrogs
  3 gnoll sergeants
  Dowan (D:5)
  4 troll zombies (Swamp:3)
  2 scorpions
  20 killer bees
  7 wights
  3 howler monkeys (D:10)
  2 electric eels (Lair:2)
  8 crimson imps
  A quasit (Abyss:1)
  4 bullfrog zombies
  13 orc priests
  5 hounds
  An iron imp (Abyss:1)
  17 jellies
  Crazy Yiuf (D:6)
  4 bullfrog skeletons
  23 orc wizards
  2 iguanas
  6 worker ants
  A hound zombie (D:7)
  A howler monkey zombie (D:9)
  2 worker ant zombies
  19 gnolls
  3 howler monkey skeletons
  8 adders
  5 shadow imps
  4 oozes
  6 swamp drake simulacra (Swamp:4)
  2 adder skeletons
  An adder zombie (D:5)
  4 worms
  4 dart slugs
  10 leopard geckos
  78 orcs
  3 ball pythons
  2 giant cockroaches
  11 goblins
  5 hobgoblins
  7 jackals
  5 quokkas
  6 bats
  4 frilled lizards
  16 kobolds
  5 rats
  3 fungi
  5 plants
  2 withered plants
1323 creatures vanquished.

Vanquished Creatures (collateral kills)
  A nagaraja (Snake:4)
  An ettin (Depths:1)
  An ice dragon (Depths:1)
  A naga warrior (Snake:4)
  A hydra (Swamp:4)
  An anaconda (Snake:4)
  A vampire mage (Depths:1)
  A naga ritualist (Snake:4)
  A necromancer (Swamp:3)
  A salamander (Snake:4)
  A naga mage (Snake:4)
  A black mamba (Snake:4)
  4 yaktaurs (Depths:1)
  A spectral swamp dragon (Swamp:3)
  A spriggan (Swamp:4)
  A fire elemental (Orc:2)
  10 hydra simulacra (Swamp:4)
  A hell hound (Orc:2)
  3 nagas (Snake:4)
33 creatures vanquished.

Vanquished Creatures (others)
  A tengu reaver (Depths:2)
  A vampire knight (Depths:1)
  2 hydras (Swamp:4)
  A naga sharpshooter (Snake:4)
  A spriggan druid (Swamp:4)
  A komodo dragon (Lair:6)
  A bog body (Swamp:1)
  2 humans (D:14)
  A swamp worm (Swamp:4)
  A naga (Snake:4)
  A slave (D:4)
  A boggart (Depths:2)
  A troll zombie (Swamp:3)
  3 gnolls (D:4)
  2 fungi
  14 plants
  2 withered plants (D:15)
36 creatures vanquished.

Grand Total: 1392 creatures vanquished

Notes
Turn   | Place    | Note
-------+----------+-------------------------------------------
     0 | D:1      | tifemel the Minotaur Berserker began the quest for the Orb.
     0 | D:1      | Reached XP level 1. HP: 19/19 MP: 0/0
    92 | D:1      | Reached XP level 2. HP: 10/27 MP: 1/1
   395 | D:1      | Reached skill level 4 in Axes
   603 | D:2      | Reached ** piety under Trog
   611 | D:2      | Reached XP level 3. HP: 22/33 MP: 2/2
   811 | D:2      | Found a stormy altar of Qazlal.
   969 | D:2      | Found a faded altar of an unknown god.
  1524 | D:3      | Found a basalt altar of Yredelemnul.
  1529 | D:3      | Reached XP level 4. HP: 25/41 MP: 3/3
  1988 | D:4      | Noticed a bullfrog
  1994 | D:4      | Killed a bullfrog
  1994 | D:4      | Reached skill level 5 in Fighting
  1994 | D:4      | Reached skill level 5 in Axes
  1994 | D:4      | Reached XP level 5. HP: 25/48 MP: 4/4
  2053 | D:4      | Reached *** piety under Trog
  2240 | D:4      | Noticed a slave
  2242 | D:4      | Noticed Pikel
  2246 | D:4      | Noticed a slave
  2249 | D:4      | Noticed a slave
  2253 | D:4      | Killed a slave
  2255 | D:4      | Killed Pikel
  2255 | D:4      | Reached skill level 6 in Axes
  2255 | D:4      | Reached XP level 6. HP: 13/58 MP: 5/5
  2255 | D:4      | Reached XP level 7. HP: 14/64 MP: 6/6
  2581 | D:4      | Found a staircase to the Ecumenical Temple.
  3295 | D:5      | Entered Level 5 of the Dungeon
  3330 | D:5      | Reached skill level 7 in Axes
  3375 | D:5      | Noticed Duvessa
  3377 | D:5      | Noticed Dowan
  3387 | D:5      | Killed Duvessa
  3389 | D:5      | Killed Dowan
  3397 | D:5      | Reached XP level 8. HP: 14/73 MP: 7/7
  3873 | D:5      | Found a glowing golden altar of the Shining One.
  4164 | D:5      | Reached skill level 8 in Axes
  4479 | D:6      | Received a gift from Trog
  4653 | D:6      | Found Butagoge's Book Emporium.
  4750 | D:6      | Found a runed translucent door.
  4751 | D:6      | Noticed Crazy Yiuf
  4756 | D:6      | Killed Crazy Yiuf
  4778 | D:6      | Reached **** piety under Trog
  4831 | D:6      | Reached skill level 9 in Axes
  4831 | D:6      | Reached XP level 9. HP: 73/82 MP: 8/8
  5972 | D:7      | Found an iron altar of Okawaru.
  6265 | D:8      | Received a gift from Trog
  6296 | D:8      | Found a staircase to the Lair.
  6334 | D:8      | Reached skill level 10 in Axes
  6389 | D:8      | Reached skill level 10 in Fighting
  6800 | D:8      | Reached skill level 10 in Armour
  7173 | D:8      | Found a runed translucent door.
  7173 | D:8      | Noticed Frank's ghost (novice OpFi)
  7175 | D:8      | Noticed a deep elf mage
  7363 | D:8      | Killed a deep elf mage
  7363 | D:8      | Reached XP level 10. HP: 94/94 MP: 9/9
  7370 | D:8      | Killed Frank's ghost
  7506 | D:9      | Found an opulent altar of Gozag.
  7510 | D:9      | Found Gozag's Platinum Reserve.
  7766 | D:9      | Reached skill level 11 in Axes
  7774 | D:9      | Noticed Maurice
  7798 | D:9      | Found a staircase to the Orcish Mines.
  7801 | D:9      | HP: 1/95 [disintegration (14)]
  7815 | D:9      | Killed Maurice
  8424 | D:9      | Found a runed translucent door.
  8430 | D:9      | Noticed Borgoz's ghost (novice KoGl)
  8514 | D:9      | Killed Borgoz's ghost
  8514 | D:9      | Reached skill level 1 in Evocations
  8778 | D:10     | Entered Level 10 of the Dungeon
  8794 | D:10     | Noticed a two-headed ogre
  8801 | D:10     | Killed a two-headed ogre
  8927 | D:10     | Reached skill level 12 in Axes
  8928 | D:10     | Reached XP level 11. HP: 103/104 MP: 12/12
  8930 | D:10     | Reached ***** piety under Trog
  9848 | D:10     | Noticed a two-headed ogre
  9856 | D:10     | Killed a two-headed ogre
 10253 | Lair:1   | Entered Level 1 of the Lair of Beasts
 10344 | Lair:1   | Reached skill level 5 in Evocations
 10739 | Lair:1   | Reached skill level 13 in Axes
 11457 | Lair:1   | Noticed a four-headed hydra
 11466 | Lair:1   | Killed a four-headed hydra
 11466 | Lair:1   | Received a gift from Trog
 11563 | Lair:1   | Noticed Joseph
 11576 | Lair:1   | Killed Joseph
 11576 | Lair:1   | Reached XP level 12. HP: 101/115 MP: 15/15
 11770 | Lair:1   | Noticed Grum
 11785 | Lair:1   | Killed Grum
 12159 | Lair:1   | Reached skill level 14 in Axes
 12581 | Lair:1   | Received a gift from Trog
 12838 | Lair:2   | Noticed an eight-headed hydra
 12856 | Lair:2   | Killed an eight-headed hydra
 13102 | Lair:2   | Noticed a seven-headed hydra
 13124 | Lair:2   | Killed a seven-headed hydra
 13651 | Lair:2   | Got a scorched hat
 13662 | Lair:2   | Identified the cursed +0 hat "Bietouhe" {-Cast MR+ Stlth+}
                  | (You found it on level 2 of the Lair of Beasts)
 14927 | Lair:3   | Found a staircase to the Swamp.
 15033 | Lair:3   | Found a staircase to the Snake Pit.
 15263 | Lair:3   | Reached XP level 13. HP: 123/125 MP: 18/18
 16037 | Lair:4   | Reached skill level 15 in Axes
 16102 | Lair:4   | Reached skill level 15 in Fighting
 16843 | Lair:4   | Received a gift from Trog
 18711 | Lair:6   | Entered Level 6 of the Lair of Beasts
 18747 | Lair:6   | Reached skill level 16 in Axes
 18769 | Lair:6   | Identified 2 scrolls of acquirement
 18794 | Lair:6   | Got a pitted hat
 18805 | Lair:6   | Identified the +2 hat of Cuepoj {rElec SInv} (You acquired
                  | it on level 6 of the Lair of Beasts)
 19252 | Lair:6   | Got a spiked chain mail
 19366 | Lair:6   | Identified the +4 chain mail of Indomitability {rC++ Dex+4}
                  | (You found it on level 6 of the Lair of Beasts)
 19379 | Lair:6   | Noticed Urug
 19396 | Lair:6   | Killed Urug
 19427 | Lair:6   | Found a staircase to the Slime Pits.
 19614 | Lair:6   | Reached XP level 14. HP: 123/137 MP: 16/19
 20694 | Lair:6   | HP: 9/207 [fire dragon (7)]
 22083 | D:11     | Noticed Harold
 22097 | D:11     | Killed Harold
 22290 | D:11     | Reached skill level 17 in Axes
 22299 | D:11     | Received a gift from Trog
 22463 | D:11     | Found Lyatt's Gadget Shoppe.
 22541 | D:11     | Noticed Sonja
 22561 | D:11     | Cast into level 1 of the Abyss (Sonja)
 22818 | Abyss:1  | Gained mutation: You occasionally shout uncontrollably at
                  | your foes. [a shining eye]
 22855 | Abyss:1  | Gained mutation: You do not regenerate when monsters are
                  | visible. [a neqoxec]
 22868 | Abyss:1  | Gained mutation: You tend to lose your temper in combat. [a
                  | neqoxec]
 22871 | Abyss:1  | Reached skill level 15 in Armour
 22953 | Abyss:1  | Noticed a deep elf elementalist
 23080 | Abyss:1  | Noticed an Executioner
 23083 | D:11     | Escaped the Abyss
 23491 | D:11     | Noticed Josephine
 23496 | D:11     | Killed Josephine
 23611 | D:11     | Killed Sonja
 23901 | D:12     | Received a gift from Trog
 24427 | D:12     | Found a portal to a secret trove of treasure.
 24960 | D:13     | Received a gift from Trog
 25011 | D:13     | Reached XP level 15. HP: 120/147 MP: 18/20
 25013 | D:13     | Found a basalt altar of Yredelemnul.
 26032 | D:14     | Found a gate to the Vaults.
 26560 | D:14     | Reached skill level 18 in Axes
 26627 | D:14     | Noticed Kirke
 26633 | D:14     | Killed Kirke
 26732 | D:14     | Received a gift from Trog
 26753 | D:14     | Found a shadowy altar of Dithmenos.
 26902 | D:14     | Found Lethrykko's Book Emporium.
 27136 | D:15     | Entered Level 15 of the Dungeon
 28266 | D:15     | Found a staircase to the Depths.
 28902 | Orc:1    | Entered Level 1 of the Orcish Mines
 28920 | Orc:1    | Received a gift from Trog
 29072 | Orc:2    | Entered Level 2 of the Orcish Mines
 29080 | Orc:2    | Noticed Rupert
 29106 | Orc:1    | Killed Rupert
 29289 | Orc:2    | Found a staircase to the Elven Halls.
 29330 | Orc:2    | Noticed Azrael
 29334 | Orc:2    | Noticed Jorgrun
 29339 | Orc:2    | Killed Azrael
 29339 | Orc:2    | Reached XP level 16. HP: 70/159 MP: 10/21
 29339 | Orc:2    | Received a gift from Trog
 29345 | Orc:2    | Killed Jorgrun
 29836 | Orc:2    | Reached skill level 19 in Axes
 30855 | Orc:2    | Found Napsys's Armour Shoppe.
 30855 | Orc:2    | Found Zuilyets's Magic Scroll Shop.
 30856 | Orc:2    | Found Ynteusch's Gadget Shop.
 30856 | Orc:2    | Found Onyilu Nioni's Distillery.
 30876 | Orc:2    | Bought a scroll of identify for 26 gold pieces
 30876 | Orc:2    | Bought a scroll of identify for 26 gold pieces
 31353 | Orc:1    | Received a gift from Trog
 32009 | Snake:1  | Entered Level 1 of the Snake Pit
 32093 | Snake:1  | HP: 7/161 [poisoned by a black mamba]
 32098 | Snake:1  | HP: 5/161 [poisoned by a black mamba]
 32103 | Snake:1  | HP: 4/161 [poisoned by a black mamba]
 32108 | Lair:3   | HP: 5/161 [poisoned by a black mamba]
 32113 | Lair:3   | HP: 5/161 [poisoned by a black mamba]
 33101 | Snake:1  | Found Variri's Magic Scroll Shop.
 33104 | Snake:1  | Bought a scroll of holy word for 112 gold pieces
 34007 | Snake:2  | Found a runed translucent door.
 34008 | Snake:2  | Found a shimmering altar of Xom.
 34008 | Snake:2  | Noticed Ousak's ghost (adept OpTm)
 34009 | Snake:2  | Identified the +1 demon trident "Cicwu" {chaos, rF++ Dex-4
                  | Stlth+}
 34059 | Snake:2  | Killed Ousak's ghost
 34729 | Snake:3  | Got a bloodstained cloak
 34740 | Snake:3  | Identified the +2 cloak of Fanuku {*Corrode rN+ Int+4 SInv}
                  | (You found it on level 3 of the Snake Pit)
 34794 | Snake:3  | Reached skill level 20 in Axes
 35055 | Snake:3  | Received a gift from Trog
 35150 | Snake:3  | Reached XP level 17. HP: 162/170 MP: 22/22
 36161 | Snake:3  | Found a runed translucent door.
 36161 | Snake:3  | Noticed Gomupahuu's ghost (journeyman VSFi)
 36172 | Snake:3  | Killed Gomupahuu's ghost
 36420 | Snake:4  | Entered Level 4 of the Snake Pit
 37389 | Snake:4  | Reached skill level 5 in Dodging
 40035 | Snake:4  | Reached skill level 21 in Axes
 40810 | Snake:4  | Reached XP level 18. HP: 115/178 MP: 23/23
 41531 | Snake:4  | Got a serpentine rune of Zot
 41894 | Swamp:1  | Entered Level 1 of the Swamp
 42483 | Swamp:1  | Noticed Frances
 42502 | Swamp:1  | Killed Frances
 43304 | Swamp:2  | Reached ****** piety under Trog
 43385 | Swamp:2  | Got a pair of shimmering boots
 43396 | Swamp:2  | Identified the +1 pair of boots "Posull" {MR+ Dex+3} (You
                  | acquired it on level 2 of the Swamp)
 44147 | Swamp:3  | Received a gift from Trog
 44642 | Swamp:3  | Reached skill level 10 in Dodging
 45068 | Swamp:3  | Noticed Mara
 45072 | Swamp:3  | Noticed tifemel's illusion
 45103 | Swamp:3  | Killed Mara
 45103 | Swamp:3  | Reached skill level 22 in Axes
 45711 | Swamp:3  | Found the +12 Vampire's Tooth {vamp}
 45760 | Swamp:3  | Received a gift from Trog
 45772 | Swamp:3  | Got a shimmering battleaxe {god gift}
 45831 | Swamp:3  | Identified the +12 battleaxe of Toshri {chop, +Blink} (Trog
                  | gifted it to you on level 3 of the Swamp)
 46297 | Swamp:4  | Entered Level 4 of the Swamp
 46297 | Swamp:4  | Noticed Aizul
 46307 | Swamp:4  | Killed Aizul
 46461 | Swamp:4  | Noticed Louise
 46511 | Swamp:4  | Cast into level 3 of the Abyss (Louise)
 46568 | Abyss:3  | Noticed a bone dragon
 46576 | Abyss:3  | Killed a bone dragon
 46695 | Swamp:4  | Escaped the Abyss
 46701 | Swamp:4  | Killed Louise
 47213 | Swamp:4  | Got a decaying rune of Zot
 47255 | Swamp:4  | Reached XP level 19. HP: 179/185 MP: 24/24
 48328 | Depths:1 | Entered Level 1 of the Depths
 48328 | Depths:1 | Found Etaff's Weapon Shop.
 48342 | Depths:1 | Received a gift from Trog
 48667 | Depths:1 | Reached skill level 23 in Axes
 49092 | Depths:1 | Found Pisigeh's Distillery.
 49243 | Depths:1 | HP: 7/185 [ice dragon/blast of cold (23)]
 50105 | Depths:1 | Found Bihaoni's Assorted Antiques.
 50109 | Depths:1 | Bought a potion of mutation for 160 gold pieces
 50127 | Depths:1 | Found a gateway to Hell.
 50418 | Depths:1 | Found Milaaf's Magic Scroll Emporium.
 50444 | Depths:1 | Found Aneoneda's Assorted Antiques.
 50961 | Depths:2 | Noticed Sojobo
 50990 | Depths:2 | Killed Sojobo
 50994 | Depths:2 | Received a gift from Trog
 51544 | Depths:2 | Reached XP level 20. HP: 171/193 MP: 25/25
 52807 | Depths:2 | Reached skill level 15 in Dodging
 53976 | Depths:3 | Received a gift from Trog
 53990 | Depths:3 | HP: 8/195 [spriggan berserker/+1 antimagic quarterstaff
                  | (28)]
 53991 | Depths:3 | Mangled by a spriggan berserker

Skill      XL: |  1  2  3  4  5  6  7  8  9 10 11 12 13 14 15 16 17 18 19 20 |
---------------+-------------------------------------------------------------+-----
Fighting       | 4 5 6 7 8 10 11 13 14 16 17 18 20 | 20.7
Axes           | 4 5 6 7 9 10 12 13 14 16 17 18 20 21 22 23 | 23.6
Armour         | 3 4 6 8 10 11 12 13 15 17 18 19 20 | 20.0
Evocations     | 3 6 8 9 |  9.6
Dodging        | 8 11 14 15 | 15.2

Action                   |  1- 3 |  4- 6 |  7- 9 | 10-12 | 13-15 | 16-18 | 19-21 || total
-------------------------+-------+-------+-------+-------+-------+-------+-------++-------
Melee: Hand axe          |    80 |    56 |    93 |       |       |       |       ||   229
       Headbutt          |     6 |    13 |    70 |   114 |   233 |   318 |   130 ||   884
       War axe           |       |       |   190 |       |       |       |       ||   190
       Battleaxe         |       |       |    30 |   442 |       |   146 |   438 ||  1056
       Flail             |       |       |       |    17 |    30 |    29 |       ||    76
       Executioner's axe |       |       |       |    95 |   836 |  1084 |       ||  2015
Invok: Berserk           |     1 |     2 |     5 |     5 |     3 |     7 |     3 ||    26
       Trog's Hand       |       |       |     1 |     3 |    12 |    17 |     7 ||    40
       Brothers in Arms  |       |       |       |       |       |    12 |     3 ||    15
 Abil: Evoke Blink       |       |       |       |       |       |     2 |     8 ||    10
Evoke: Wand              |       |       |       |       |     1 |       |       ||     1
  Use: Scroll            |     1 |       |       |    14 |    11 |     7 |     1 ||    34
       Potion            |       |       |       |     1 |     3 |     4 |     1 ||     9
 Stab: Sleeping          |     1 |     1 |       |       |       |       |       ||     2
       Paralysed         |       |       |       |       |     1 |       |       ||     1
       Distracted        |       |       |       |       |       |     1 |       ||     1
       Confused          |       |       |       |       |       |     1 |       ||     1
  Eat: Chunk             |     3 |     3 |    18 |    19 |    39 |    18 |    16 ||   116
       Ration            |       |       |     1 |     4 |     4 |    17 |     4 ||    30
Armor: Animal skin       |    16 |     8 |    11 |       |       |       |       ||    35
       Chain mail        |       |       |    49 |       |   556 |   117 |     3 ||   725
       Ring mail         |       |       |     9 |       |       |       |       ||     9
       Plate armour      |       |       |    62 |   412 |   168 |  1013 |   264 ||  1919
Dodge: Dodged            |    53 |    36 |   130 |   225 |   611 |   944 |   382 ||  2381
Block: Other             |       |       |       |    17 |    10 |       |       ||    27
